 Dungeon Crawl Stone Soup version 0.15-a0-1632-gd490d05 (webtiles) character file.

75 Kenran the Changer (level 4, -3/32 HPs)
             Began as a Merfolk Transmuter on June 21, 2014.
             Killed from afar by Sigmund (14 damage)
             ... with a puff of flame
             ... on Level 2 of the Dungeon.
             The game lasted 00:07:55 (1526 turns).

Kenran the Changer (Merfolk Transmuter)             Turns: 1526, Time: 00:07:55

HP  -3/32        AC  2     Str 10      XL: 4   Next: 31%
MP   3/7         EV 21     Int 13      God:
Gold 78          SH  0     Dex 19      Spells:  2 memorised,  3 levels left

rFire  . . .     SeeInvis .       - Unarmed
rCold  . . .     Clarity  .     c - melded +0 robe
rNeg   . . .     rCorr    .     (shield currently unavailable)
rPois  x         rRot     .     (helmet currently unavailable)
rElec  .         Spirit   .     (cloak currently unavailable)
SustAb .         Warding  .     (gloves currently unavailable)
rMut   .         Stasis   .     (boots currently unavailable)
Gourm  .                        (no amulet)
MR     +....                    (no ring)
                                p - ring of protection from magic

@: spider-form, somewhat resistant to hostile enchantments, unstealthy
A: (change form in water), (swift swim)
a: End Transformation


You were on level 2 of the Dungeon.
You were hungry.
You were in spider-form.
You visited 1 branch of the dungeon, and saw 2 of its levels.

You collected 78 gold pieces.

Inventory:

Hand weapons
 l - a +1 sling of evasion
Armour
 c - a +0 robe (melded)
 j - a +2 leather armour of magic resistance
Magical devices
 o - a wand of confusion (8) {unknown}
Comestibles
 a - a bread ration
 g - a meat ration
 k - 4 fruits
 s - 2 beef jerkies
Scrolls
 b - a scroll of teleportation
 f - a scroll of remove curse
 m - a scroll of magic mapping {unknown}
Jewellery
 p - a ring of protection from magic (left front leg)
Potions
 e - 4 potions of curing {unknown}
 i - a potion of might {unknown}
 n - a potion of resistance {unknown}
 r - a potion of restore abilities {unknown}
Books
 d - a book of Changes

   Spells                             Type                      Level
   *Beastly Appendage                 Transmutation                1
   Sticks to Snakes                   Transmutation                2
   *Spider Form                       Transmutation/Poison         3
   Ice Form                           Ice/Transmutation            4
   Blade Hands                        Transmutation                5


   Skills:
 - Level 1.1 Fighting
 - Level 2.6 Dodging
 - Level 3.2 Unarmed Combat
 - Level 2.0 Spellcasting
 + Level 5.9 Transmutations


You had 3 spell levels left.
You knew the following spells:

 Your Spells              Type           Power        Failure   Level  Hunger
a - Beastly Appendage     Trmt           ###...       10%         1    ##.....
b - Spider Form           Trmt/Pois      #.........   50%         3    ####...


Dungeon Overview and Level Annotations

Branches:
Dungeon (2/15)

Altars:
Dithmenos
Vehumet

Annotations:
D:2 Sigmund


Message History

Sigmund flickers and vanishes!
Deactivating autopickup; reactivate with Ctrl-A.
A kobold comes into view. It is wielding a short sword.
Things that are here:
a dagger; a worm corpse
Casting: Spider Form
Confirm with . or Enter, or press ? or * to list all spells.
You turn into a venomous arachnid creature.
Your +0 robe melds into your body.
You hear some strange, mumbled words.
The puff of flame hits you!
Your magical contamination has completely faded away.
Something closely misses you.
All of the chunks of flesh in your inventory have completely rotted away.
You bite something! Something barely misses you.
You miss something. Something hits you!
You hit something but do no damage.
You hear some strange, mumbled words.
The puff of flame hits you!
You die...

####### #........####...#.###....
#........# #.#.#.# #.### ####
#....########.#...###.###
...######....#####....#...#.....#
.............#...........##.....#
......<......#....g.......#....)#
.............#..........#.#.....#
......%......#####)######..##.###
.##...####......s.g# ##.##.#
..#.### #...####### #.##.# #.#.#
#...# #..#.# ..#.# #...# ...#.#
###.# #...# .....# .[.(# #####
......# ....# ####..# ...## ...
...#


You could see a hobgoblin.

Vanquished Creatures
  Jessica (D:2)
  An adder (D:2)
  3 worms (D:2)
  A giant gecko (D:1)
  An ooze (D:1)
  3 bats
  A giant cockroach (D:1)
  3 goblins
  6 hobgoblins
  A kobold (D:2)
  A ball python (D:2)
  3 jackals (D:1)
  4 rats
29 creatures vanquished.

Notes
Turn   | Place    | Note
--------------------------------------------------------------
     0 | D:1      | Kenran, the Merfolk Transmuter, began the quest for the Orb.
     0 | D:1      | Reached XP level 1. HP: 15/15 MP: 3/3
   369 | D:1      | Reached XP level 2. HP: 15/21 MP: 4/4
   674 | D:1      | Reached skill level 4 in Transmutations
  1076 | D:2      | Reached XP level 3. HP: 22/26 MP: 4/6
  1115 | D:2      | Noticed Jessica
  1119 | D:2      | Killed Jessica
  1119 | D:2      | Reached skill level 5 in Transmutations
  1208 | D:2      | Learned a level 3 spell: Spider Form
  1213 | D:2      | Noticed Sigmund
  1281 | D:2      | Found a shadowy altar of Dithmenos.
  1281 | D:2      | Found a radiant altar of Vehumet.
  1378 | D:2      | Reached XP level 4. HP: 32/32 MP: 3/7
  1526 | D:2      | Killed from afar by Sigmund

Action                   |  1- 3 |  4- 6 || total
-------------------------+-------+-------++-------
Melee: Unarmed           |    99 |    21 ||   120
 Cast: Beastly Appendage |     5 |       ||     5
       Spider Form       |     2 |     1 ||     3
  Use: Scroll            |     5 |       ||     5
